 Dungeon Crawl Stone Soup version 0.26.0-10-g1f06aea511 (webtiles) character file.

Game seed: 10334796588367815454

9512 vatarom the Fighter (level 11, -5/97 (102) HPs)
             Began as a Hill Orc Monk on Feb 5, 2021.
             Was a Priest of Beogh.
             Slain by a cyan ugly thing (15 damage)
             ... on level 10 of the Dungeon.
             The game lasted 00:19:22 (16514 turns).

vatarom the Fighter (Hill Orc Monk)                Turns: 16514, Time: 00:19:23

HP:   -5/97 (102)   AC: 16    Str: 18    XL:     11   Next: 47%
MP:   19/19         EV:  8    Int: 10    God:    Beogh [***...]
Gold: 620           SH:  0    Dex: 13    Spells: 10/10 levels left

rFire    . . .     SeeInvis .   H - +2 long sword
rCold    . . .     Faith    .   (no shield)
rNeg     . . .     Spirit   .   L - +0 chain mail (curse)
rPois    .         Reflect  .   j - +1 helmet
rElec    .         Harm     .   (no cloak)
rCorr    .         Rampage  .   D - +0 pair of gloves
Will     .....                  a - +0 pair of boots
Stlth    ..........             (no amulet)
HPRegen  0.26/turn              (no ring)
MPRegen  0.16/turn              (no ring)

@: studying Summonings, lightly drained
A: no striking features
a: Renounce Religion, Smiting


You were on level 10 of the Dungeon.
You worshipped Beogh.
Beogh was most pleased with you.
You visited 3 branches of the dungeon, and saw 13 of its levels.
You also visited: Ossuary.

You collected 620 gold pieces.

Inventory:

Hand Weapons
 y - a +0 trident
 z - a +0 glaive
 H - a +2 long sword (weapon)
 J - a +1 trident of protection
Missiles
 i - 13 javelins (quivered)
 u - 28 poisoned darts
Armour
 a - a +0 pair of boots (worn)
 j - a +1 helmet (worn)
 D - a +0 pair of gloves (worn)
 L - a cursed +0 chain mail (worn)
Jewellery
 k - an uncursed ring of willpower
Wands
 v - a wand of enslavement (7)
 w - a wand of iceblast (6) {@v4}
 A - a wand of random effects (9)
Scrolls
 b - a scroll of vulnerability {unknown}
 c - a scroll of blinking {unknown}
 e - 4 scrolls of teleportation {@r3}
 f - a scroll of enchant armour
 l - 3 scrolls of enchant weapon
 m - 6 scrolls of identify {@r1}
 o - a scroll of magic mapping
 q - 4 scrolls of remove curse {@r2}
 r - a scroll of holy word {unknown}
 t - 2 scrolls of fog
 B - a scroll of fear
 E - a scroll of immolation {unknown}
 F - a scroll of torment {unknown}
 K - a scroll of summoning {unknown}
Potions
 d - a potion of attraction
 g - a potion of experience {unknown}
 h - 5 potions of might {@q4}
 p - 3 potions of invisibility
 s - 2 potions of flight
 x - 2 potions of cancellation
 C - a potion of magic
 G - a potion of mutation {unknown}
 I - a potion of brilliance {unknown}
Books
 n - a manual of Summonings


   Skills:
 + Level 11.3 Fighting
 - Level 10.5 Long Blades
 + Level 9.5 Armour
 - Level 2.4 Dodging
 - Level 1.5 Stealth
 + Level 10.7 Invocations


You had 10 spell levels left.
You didn't know any spells.
Your spell library contained the following spells:

 Spells                   Type           Power        Failure   Level
 Malign Gateway           Summ/Tloc      0%           100%        7
 Monstrous Menagerie      Summ           0%           100%        7
 Summon Greater Demon     Summ           0%           100%        7
 Summon Horrible Things   Summ           0%           100%        8


Dungeon Overview and Level Annotations

Branches:
Dungeon (11/15)            Temple (1/1) D:4             Orc (1/2) D:10
Ossuary (visited)
   Lair: D:8-11

Altars:
Ashenzari
Cheibriados
Dithmenos
Elyvilon
Fedhas
Gozag
Hepliaklqana
Kikubaaqudgha
Makhleb
Nemelex Xobeh
Okawaru
Qazlal
Ru
Sif Muna
Trog
Uskayaw
Vehumet
Wu Jian
Xom
Yredelemnul
Zin
The Shining One

Shops:
D:4 (

Annotations:
D:2 1 runed translucent door, Crazy Yiuf


Message History

The basilisk hisses angrily.
The cyan ugly thing claws you but does no damage.
You see here a bullfrog corpse.
The basilisk gazes at you. You resist with some effort.
There is a stone staircase leading up here.
The cyan ugly thing closely misses you.
You riposte.
You barely miss the cyan ugly thing.
The cyan ugly thing is lightly wounded.
You climb upwards.
There is a stone staircase leading down here.
The cyan ugly thing claws you but does no damage.
The cyan ugly thing claws you.
* * * LOW HITPOINT WARNING * * *
The cyan ugly thing shocks you!
* * * LOW HITPOINT WARNING * * *
The cyan ugly thing claws you.
* * * LOW HITPOINT WARNING * * *
The cyan ugly thing shocks you!
You die...

....# #...........#
#........#
....####...........#
#...(....#
...................#
#...(....#
......[............#
#.(((....#
.>..##>#...........#
#........#
....####.....).....#
#........# ##..#
#...........# #........#
#..# #........u..#
#........# #..#
#........@..# #........#
#..# #...........#
#........# #..#
#...........# #........#
#..#
#........<..###........#
#..#
#......................#
#..#
#................#######
#..# #.#######...####)#
#..# #.# #...# #)# #..#
#.# #...# #.#


You could see a cyan ugly thing.

Vanquished Creatures
  Josephine (D:10)
  A two-headed ogre (D:9)
  4 skeletal warriors (D:9)
  Psyche (D:9)
  A kobold demonologist (D:7)
  Prince Ribbit (D:5)
  A hornet (D:9)
  Eustachio (D:5)
  4 wraiths
  2 ice beasts
  3 orc warriors
  A sky beast (D:9)
  A black bear (D:10)
  6 ogres
  6 centaurs
  3 big kobolds
  5 bullfrogs
  6 scorpions
  7 killer bees
  4 wights (D:9)
  3 howler monkeys
  4 hounds
  5 jellies
  3 centaur skeletons
  Jessica (D:3)
  Terence (D:2)
  An iguana (D:6)
  11 orc wizards
  4 worker ants
  2 big kobold zombies (Ossuary)
  3 hound zombies
  A hound skeleton (D:10)
  3 mummies (Ossuary)
  2 worker ant zombies
  2 howler monkey zombies
  A gnoll (D:2)
  9 adders
  A shadow imp (D:3)
  4 white imps
  4 ufetubi
  An adder skeleton (D:5)
  3 adder zombies
  3 worms
  A dart slug (D:1)
  3 leopard geckos
  38 orcs
  8 giant cockroaches
  4 goblins
  6 hobgoblins
  23 jackals
  26 kobolds
  5 quokkas
  3 bats
  4 frilled lizards
  A giant cockroach zombie (D:6)
  A gnoll zombie (D:4)
  4 goblin zombies (Ossuary)
  2 hobgoblin zombies (Ossuary)
  A jackal skeleton (D:7)
  A leopard gecko skeleton (D:4)
  6 rats
268 creatures vanquished.

Vanquished Creatures (collateral kills)
  An orc (D:9)
  A jackal (D:8)
2 creatures vanquished.

Vanquished Creatures (others)
  An orc priest (D:9)
  An orc warrior (D:9)
  3 orc wizards
  An adder (D:4)
  7 orcs
13 creatures vanquished.

Grand Total: 283 creatures vanquished

Notes
Turn   | Place    | Note
-------+----------+-------------------------------------------
     0 | D:1      | vatarom the Hill Orc Monk began the quest for the Orb.
     0 | D:1      | Reached XP level 1. HP: 19/19 MP: 1/1
   121 | D:1      | Reached XP level 2. HP: 27/27 MP: 2/2
   220 | D:1      | Found a sparkling altar of Nemelex Xobeh.
   448 | D:1      | Reached skill level 4 in Fighting
   698 | D:2      | Reached XP level 3. HP: 8/34 MP: 3/3
  1513 | D:2      | Noticed Terence
  1536 | D:2      | Killed Terence
  1537 | D:2      | Reached skill level 1 in Armour
  1537 | D:2      | Reached XP level 4. HP: 7/41 MP: 4/4
  1867 | D:2      | Found a runed translucent door.
  1868 | D:2      | Noticed Crazy Yiuf
  2006 | D:2      | Reached skill level 5 in Fighting
  2318 | D:2      | Found an iron altar of Okawaru.
  2647 | D:2      | You fall into a shaft and drop 1 floor!
  2652 | D:3      | Reached XP level 5. HP: 48/48 MP: 5/5
  2696 | D:3      | Found a shadowy altar of Dithmenos.
  3048 | D:3      | Reached skill level 5 in Long Blades
  3431 | D:3      | Noticed Jessica
  3436 | D:3      | Killed Jessica
  3437 | D:3      | Reached XP level 6. HP: 56/56 MP: 6/6
  4147 | D:4      | Found Erirph's Antique Weapon Boutique.
  4159 | D:4      | Became a worshipper of Beogh the Brigand
  4159 | D:4      | Reached * piety under Beogh
  4159 | D:4      | Reached ** piety under Beogh
  4274 | D:4      | Found a sand-covered staircase.
  4412 | Ossuary  | Entered an ossuary
  4412 | Ossuary  | Noticed a wraith
  4412 | Ossuary  | Noticed a wraith
  4412 | Ossuary  | Noticed a wraith
  4440 | Ossuary  | Reached skill level 1 in Invocations
  4865 | Ossuary  | Noticed a wraith
  4873 | Ossuary  | Killed a wraith
  4874 | Ossuary  | Reached skill level 6 in Fighting
  4874 | Ossuary  | Reached XP level 7. HP: 41/63 MP: 0/8
  5453 | D:4      | Found a staircase to the Ecumenical Temple.
  5542 | Temple   | Entered the Ecumenical Temple
  5836 | D:5      | Entered Level 5 of the Dungeon
  6240 | D:5      | Reached XP level 8. HP: 33/71 MP: 6/10
  6761 | D:5      | Noticed Prince Ribbit
  7063 | D:5      | Killed Prince Ribbit
  7064 | D:5      | Reached skill level 7 in Fighting
  7540 | D:5      | Noticed Eustachio
  7569 | D:5      | Killed Eustachio
  7937 | D:6      | Found an ancient bone altar of Kikubaaqudgha.
  7958 | D:6      | Reached skill level 5 in Armour
  7958 | D:6      | Reached skill level 5 in Invocations
  8319 | D:6      | Reached XP level 9. HP: 74/79 MP: 12/12
  8444 | D:6      | Found a hide-covered altar of Uskayaw.
  9319 | D:7      | Found an opulent altar of Gozag.
  9899 | D:7      | Reached skill level 8 in Fighting
 10096 | D:7      | Noticed a kobold demonologist
 10109 | D:7      | Noticed a red devil
 10113 | D:7      | Killed a kobold demonologist
 10638 | D:7      | Found a faded altar of an unknown god.
 10638 | D:7      | Found a sacrificial altar of Ru.
 10643 | D:7      | Found a bloodstained altar of Trog.
 10645 | D:7      | Found a faded altar of an unknown god.
 10647 | D:7      | Found a broken altar of Ashenzari.
 11141 | D:8      | Reached *** piety under Beogh
 11250 | D:8      | Reached skill level 10 in Long Blades
 11792 | D:8      | Reached XP level 10. HP: 70/90 MP: 15/15
 12017 | D:9      | Paralysed by a hornet for 3 turns
 12479 | D:9      | Reached skill level 9 in Fighting
 13040 | D:9      | Noticed a skeletal warrior
 13051 | D:9      | Noticed a skeletal warrior
 13052 | D:9      | Killed a skeletal warrior
 13067 | D:9      | Killed a skeletal warrior
 13312 | D:9      | Noticed a skeletal warrior
 13312 | D:9      | Noticed a skeletal warrior
 13330 | D:9      | Killed a skeletal warrior
 13331 | D:9      | Reached skill level 10 in Fighting
 13348 | D:9      | Killed a skeletal warrior
 13740 | D:9      | Noticed a two-headed ogre
 13745 | D:9      | Killed a two-headed ogre
 13746 | D:9      | Reached XP level 11. HP: 101/101 MP: 18/18
 13834 | D:9      | Noticed Psyche
 13847 | D:9      | Killed Psyche
 13848 | D:9      | Reached skill level 10 in Invocations
 14497 | D:10     | Entered Level 10 of the Dungeon
 15079 | D:9      | Reached skill level 11 in Fighting
 15588 | D:10     | Found a staircase to the Orcish Mines.
 15804 | Orc:1    | Entered Level 1 of the Orcish Mines
 15804 | Orc:1    | Noticed Josephine
 16067 | Orc:1    | Noticed an orc knight
 16090 | D:10     | Killed Josephine
 16471 | D:11     | Noticed a cyan ugly thing
 16514 | D:10     | Slain by a cyan ugly thing

Illustrated notes

Levels and vault maps discovered:
D:1:      nicolae_arrival_memento_mori, layout_rooms, hangedman_decor_slide_cut,
          chequers_serial_rivers_micro_a, nemelex_altar_shiori
D:2:      layout_basic, okawaru_altar_gauntlet_db, uniq_terence,
          uniq_crazy_yiuf_cottage
D:3:      minmay_chambers_of_twos, layout_loops_ring,
          minmay_misc_feat_four_crosses,
          nicolae_dithmenos_through_a_glass_darkly, uniq_jessica
D:4:      layout_basic, minmay_temple_entry_nine_rooms, enter_ossuary_3,
          serial_shops, shop, due_unseen_surprise
D:5:      minmay_angry_zag, layout_gridville, uniq_prince_ribbit1,
          uniq_eustachio
D:6:      layout_basic, eat_drink_and_be_merry_uskayaw, basic_altar,
          minmay_manual_mess
D:7:      layout_basic, grunt_gozag_breadcrumbs,
          chequers_temple_overflow_minitemple, amcnicky_mini_pool_small,
          st_stairs_9
D:8:      layout_loops_cross
D:9:      layout_basic, uniq_psyche
D:10:     layout_long_grid, orc_0_dummy
D:11:     layout_long_grid, erik_lair_dragon
Temple:   nicolae_temple_elliptical
Orc:1:    layout_diamond_mine, special_room [special_room_orc],
          gammafunk_ghost_split, trog_butcher_becter, uniq_jorgrun,
          uniq_josephine, uniq_erica

Skill      XL: |  1  2  3  4  5  6  7  8  9 10 11 |
---------------+----------------------------------+-----
Fighting       | 4 5 6 7 8 10 11 | 11.3
Long Blades    | 4 5 6 7 8 10 | 10.5
Armour         | 1 2 3 4 5 6 8 9 |  9.5
Invocations    | 2 3 5 7 9 10 | 10.7
Dodging        | |  2.4
Stealth        | |  1.5

Action                   |  1- 3 |  4- 6 |  7- 9 | 10-12 || total
-------------------------+-------+-------+-------+-------++-------
Melee: Falchion          |    99 |   322 |   163 |       ||   584
       Long sword        |       |       |   363 |   352 ||   715
Invok: Smiting           |       |     3 |     3 |    12 ||    18
       Convert to Beogh  |       |     1 |       |       ||     1
Evoke: Wand              |       |       |       |     9 ||     9
  Use: Potion            |     1 |       |    14 |     9 ||    24
       Scroll            |       |    11 |     1 |     1 ||    13
 Stab: Invisible         |       |       |     1 |       ||     1
Armor: Robe              |    16 |    14 |       |       ||    30
       Scale mail        |       |   100 |   318 |   127 ||   545
       Chain mail        |       |       |       |    42 ||    42
Dodge: Dodged            |    82 |   166 |   315 |   188 ||   751
       Rpst.: Falchion   |    29 |    58 |    25 |       ||   112
       Long sword        |       |       |    70 |    51 ||   121
